 Dungeon Crawl Stone Soup version 0.20.0-15-g7f486f2 (webtiles) character file.

436 Chiseanne the Magician (level 6, -12/41 HPs)
             Began as a Demonspawn Wizard on June 16, 2017.
             Mangled by a centaur
             ... wielding a +1 whip of electrocution
              (20 damage)
             ... on level 5 of the Dungeon.
             The game lasted 00:09:17 (4384 turns).

Chiseanne the Magician (Demonspawn Wizard)          Turns: 4384, Time: 00:09:18

Health: -12/41     AC:  9    Str:  7    XL:     6   Next: 69%
Magic:  13/13      EV: 12    Int: 22    God:
Gold:   166        SH:  0    Dex: 11    Spells: 6/15 levels left

rFire    + + .     SeeInvis .   a - +2 dagger (venom)
rCold    . . .     Gourm    .   (no shield)
rNeg     . . .     Faith    .   o - +0 robe
rPois    .         Spirit   .   b - +0 hat
rElec    .         Reflect  .   x - +1 cloak
rCorr    +         Harm     .   (no gloves)
MR       .....                  r - +0 pair of boots
Stlth    ++........             (no amulet)
Regen    0.2/turn               g - ring of resist corrosion
MPRegen  0.2/turn               (no ring)

@: no status effects
A: molten scales 3, fire resistance 1
a: no special abilities


You were on level 5 of the Dungeon.
You were not hungry.

You visited 1 branch of the dungeon, and saw 5 of its levels.

You collected 166 gold pieces.

Inventory:

Hand Weapons
 a - a +2 dagger of venom (weapon)
 j - a +0 dagger
 l - a +0 spear
 s - a +3 quarterstaff of chaos
Missiles
 c - 20 sling bullets
 e - 171 stones (quivered)
 h - 18 poisoned needles
 m - 19 bolts
 p - 58 arrows
 t - 8 javelins
Armour
 b - a +0 hat (worn)
 o - a +0 robe (worn)
 r - a +0 pair of boots (worn)
 x - a +1 cloak (worn)
Jewellery
 g - a ring of resist corrosion (left hand)
Scrolls
 f - 2 scrolls of immolation
 k - 3 scrolls of teleportation
Potions
 i - a potion of magic {unknown}
 q - a potion of curing
 u - a potion of heal wounds {unknown}
 w - a potion of ambrosia
Comestibles
 d - 4 bread rations
 v - a meat ration


   Skills:
 - Level 1.7 Dodging
 - Level 1.7 Stealth
 * Level 5.3 Spellcasting
 * Level 5.0 Conjurations
   Level 1.0 Summonings
 - Level 0.8 Translocations


You had 6 spell levels left.
You knew the following spells:

 Your Spells              Type           Power        Failure   Level  Hunger
a - Magic Dart            Conj           ####         1%          1    None
b - Blink                 Tloc           N/A          11%         2    None
c - Conjure Flame         Conj/Fire      ###.....     11%         3    ##.....
d - Mephitic Cloud        Conj/Pois/Air  ##......     14%         3    ##.....


Dungeon Overview and Level Annotations

Branches:
Dungeon (5/15)
 Temple: D:4-7

Altars:
Cheibriados
Elyvilon
Sif Muna
Uskayaw
Zin

Annotations:
D:3 loom's ghost, amateur DECj
D:4 tschems's ghost, amateur HuFi


Innate Abilities, Weirdness & Mutations

You are completely covered in molten scales. (AC +4, rF+)
Your flesh is heat resistant. (rF+)


Message History

You kill the jackal!
The centaur unwields an uncursed whip of electrocution.
It stops crackling.
The centaur wields a shortbow.
The centaur shoots an arrow.
The arrow hits you!
The centaur shoots an arrow.
The arrow misses you.
A worker ant comes into view.
Things that are here:
an arrow; a jackal corpse The centaur unwields an uncursed shortbow.
The centaur wields an uncursed whip of electrocution.
You hear the crackle of electricity.
The centaur closely misses you.
The centaur hits you but does no damage.
The centaur hits you with an uncursed whip of electrocution!
You are electrocuted!
* * * LOW HITPOINT WARNING * * *
The centaur hits you with an uncursed whip of electrocution.
* * * LOW HITPOINT WARNING * * *
You are electrocuted!
You die...

*,* *,* *,* *,#.....#*
**,***,***,** ###**,#.#...#
***,,,,,,,*.,,**#..,,,#.#...####*
,,,,,,,,,,,..,,*#.#***#.#.......,
***,,,,,*,,...,,#.# ##.#.#...,,,
*,***,*,,,,..##.####..Y.#.#####
*,* *,*,*,,,,..a...............
*,* *,*,##.####c####....#******
*,* *,*,#.....@.Z((Y..#.# #
*,***,*,#.#############.# ####
*,**,,*,*,* #.# #...
***,*,*,,,*,****** #.####.##
,,,,*,,,*,,,,,,,,* #......##
*****,_,********,* ######## *
*,,,* *,,,,** * *,,,*****,**,,***
* **,,*,,,,,,,,,,,*


You could see an ice beast, a centaur, a worker ant and an adder skeleton.

Vanquished Creatures
  A phantom (D:5)
  A centaur (D:3)
  A scorpion (D:4)
  Crazy Yiuf (D:3)
  A hound (D:4)
  Jessica (D:3)
  Natasha (twice) (D:2)
  An ooze (D:2)
  4 worms
  A dart slug (D:1)
  A leopard gecko (D:2)
  4 orcs
  6 giant cockroaches
  5 goblins
  11 hobgoblins
  7 jackals
  A quokka (D:3)
  5 bats
  6 frilled lizards
  9 kobolds
  4 rats (D:1)
73 creatures vanquished.

Notes
Turn   | Place    | Note
-------+----------+-------------------------------------------
     0 | D:1      | Chiseanne the Demonspawn Wizard began the quest for the Orb.
     0 | D:1      | Reached XP level 1. HP: 13/13 MP: 4/4
   479 | D:1      | Gained mutation: Your flesh is heat resistant. (rF+) [demonic ancestry]
   479 | D:1      | Reached XP level 2. HP: 19/19 MP: 4/6
  1263 | D:1      | Reached XP level 3. HP: 16/24 MP: 1/7
  1652 | D:2      | Learned a level 2 spell: Blink
  1656 | D:2      | Learned a level 3 spell: Conjure Flame
  1660 | D:2      | Learned a level 3 spell: Mephitic Cloud
  2210 | D:2      | Noticed Natasha
  2214 | D:2      | Killed Natasha
  2214 | D:2      | Gained mutation: You are partially covered in molten scales. (AC +2) [demonic ancestry]
  2214 | D:2      | Reached XP level 4. HP: 30/30 MP: 4/9
  2294 | D:2      | Found a white marble altar of Elyvilon.
  2528 | D:2      | Noticed Natasha
  2539 | D:2      | Killed Natasha
  2718 | D:3      | Noticed loom's ghost (amateur DECj)
  2864 | D:3      | Found a snail-covered altar of Cheibriados.
  3139 | D:3      | Noticed Jessica
  3146 | D:3      | Killed Jessica
  3146 | D:3      | Gained mutation: You are mostly covered in molten scales. (AC +3) [demonic ancestry]
  3146 | D:3      | Reached XP level 5. HP: 22/35 MP: 6/11
  3338 | D:3      | Found a runed door.
  3451 | D:3      | Noticed a centaur
  3474 | D:3      | Killed a centaur
  3659 | D:3      | Found a glowing silver altar of Zin.
  3745 | D:3      | Noticed Crazy Yiuf
  3754 | D:3      | Killed Crazy Yiuf
  3754 | D:3      | Gained mutation: You are completely covered in molten scales. (AC +4, rF+) [demonic ancestry]
  3754 | D:3      | Reached XP level 6. HP: 41/41 MP: 5/13
  3860 | D:4      | Noticed tschems's ghost (amateur HuFi)
  3900 | D:4      | Reached skill level 5 in Spellcasting
  4113 | D:5      | Entered Level 5 of the Dungeon
  4233 | D:5      | Found a deep blue altar of Sif Muna.
  4233 | D:5      | Found a hide-covered altar of Uskayaw.
  4280 | D:5      | Reached skill level 5 in Conjurations
  4376 | D:5      | Noticed an ice beast
  4384 | D:5      | Mangled by a centaur

Skill      XL: |  1  2  3  4  5  6 |
---------------+-------------------+-----
Conjurations   | 2 3 4 5 |  5.0
Spellcasting   | 4 5 |  5.3
Dodging        | |  1.7
Stealth        | |  1.7
Summonings     | |  1.0
Translocations | |  0.8

Action                   |  1- 3 |  4- 6 || total
-------------------------+-------+-------++-------
Melee: Unarmed           |    32 |       ||    32
       Dagger            |    15 |    32 ||    47
       Spear             |     7 |       ||     7
       Quarterstaff      |       |     2 ||     2
 Cast: Magic Dart        |    98 |    77 ||   175
       Mephitic Cloud    |       |     5 ||     5
  Use: Scroll            |     7 |     3 ||    10
 Stab: Sleeping          |     1 |     1 ||     2
       Confused          |       |     1 ||     1
  Eat: Chunk             |     4 |     7 ||    11
Armor: Robe              |    14 |    15 ||    29
Dodge: Dodged            |    45 |    25 ||    70
